[ AOE2 MATCH · #494559683 ]
UnrankedSicilians vs Burgundians
Player's team · LOSS
[ REPLAY ANALYSIS · EXTRACTED FROM THE RECORDED GAME ]
Feudal
—
Castle
—
Imperial
—
| APM avg | 51.3 |
| APM peak | 92 |
| eAPM avg | 22.1 |
| Villagers / military | 37 / 0 |
Focus
⚔️ 21.3% · 🌾 78.7%
Feudal
11:53
Castle
—
Imperial
—
| APM avg | 41.5 |
| APM peak | 64 |
| eAPM avg | 18.0 |
| Villagers / military | 24 / 3 |
Focus
⚔️ 53.1% · 🌾 46.9%
Flemish Militia ×3
Match map
Initial resources + every placement click. Lines = walls · curves = elevation contours. ◆ gold · ⬟ stone · ● berries · ✦ relic · ◌ wall gap
Your base· Open — unwalled flank
Thorgal's base· Open — unwalled flank
Smoothed initial terrain · ◌ = detected wall gap · hover for details
Inputs per minute
— Malelf - - Thorgal
Build order — Malelf
50 actions detected in the replay
| 0:00 | Create | Villager (Male) |
| 0:01 | Create | Villager (Male) |
| 0:01 | Create | Villager (Male) |
| 0:02 | Build | House |
| 0:03 | Build | House |
| 0:05 | Create | Villager (Male) |
| 1:27 | Create | Villager (Male) |
| 2:00 | Create | Villager (Male) |
| 2:18 | Build | Lumber Camp |
| 2:19 | Create | Villager (Male) |
| 2:48 | Create | Villager (Male) |
| 3:13 | Create | Villager (Male) |
| 3:14 | Create | Villager (Male) |
| 3:41 | Create | Villager (Male) |
| 3:52 | Build | House |
| 4:16 | Create | Villager (Male) |
| 4:25 | Create | Villager (Male) |
| 4:49 | Create | Villager (Male) |
| 5:30 | Build | House |
| 5:42 | Create | Villager (Male) |
| 5:43 | Create | Villager (Male) |
| 5:47 | Research | Loom |
| 6:43 | Create | Villager (Male) |
| 6:45 | Create | Villager (Male) |
| 6:49 | Build | House |
| 7:25 | Build | Town Center |
| 8:00 | Create | Villager (Male) |
| 8:10 | Create | Villager (Male) |
| 8:16 | Create | Villager (Male) |
| 8:21 | Create | Villager (Male) |
| 8:21 | Create | Villager (Male) |
| 8:51 | Create | Villager (Male) |
| 9:03 | Build | Lumber Camp |
| 9:08 | Create | Villager (Male) |
| 9:17 | Create | Villager (Male) |
| 9:42 | Create | Villager (Male) |
| 10:05 | Create | Villager (Male) |
| 10:19 | Create | Villager (Male) |
| 10:45 | Build | House |
| 10:52 | Create | Villager (Male) |
| 11:21 | Create | Villager (Male) |
| 11:45 | Create | Villager (Male) |
| 12:38 | Build | House |
| 12:51 | Build | Palisade Wall |
| 12:52 | Create | Villager (Male) |
| 13:20 | Create | Villager (Male) |
| 13:35 | Build | House |
| 13:54 | Create | Villager (Male) |
| 14:54 | Create | Villager (Male) |
| 15:23 | Create | Villager (Male) |
Build order — Thorgal
62 actions detected in the replay
| 0:00 | Create | Villager (Male) |
| 0:01 | Create | Villager (Male) |
| 0:02 | Build | House |
| 0:04 | Build | House |
| 0:14 | Create | Villager (Male) |
| 0:14 | Create | Villager (Male) |
| 0:15 | Create | Villager (Male) |
| 1:31 | Create | Villager (Male) |
| 1:31 | Create | Villager (Male) |
| 2:13 | Create | Villager (Male) |
| 2:16 | Build | Lumber Camp |
| 2:36 | Create | Villager (Male) |
| 2:37 | Create | Villager (Male) |
| 2:37 | Create | Villager (Male) |
| 3:01 | Research | Loom |
| 3:10 | Research | Loom |
| 3:14 | Research | Double-Bit Axe |
| 3:25 | Create | Villager (Male) |
| 3:47 | Build | House |
| 3:49 | Build | House |
| 3:57 | Create | Villager (Male) |
| 4:22 | Create | Villager (Male) |
| 4:47 | Build | Mill |
| 4:52 | Create | Villager (Male) |
| 5:06 | Create | Villager (Male) |
| 5:40 | Create | Villager (Male) |
| 5:46 | Build | Palisade Gate |
| 6:05 | Create | Villager (Male) |
| 6:22 | Build | House |
| 6:27 | Build | Palisade Wall |
| 6:28 | Build | Palisade Wall |
| 6:36 | Create | Villager (Male) |
| 6:39 | Research | Loom |
| 6:55 | Create | Villager (Male) |
| 7:14 | Research | Loom |
| 7:21 | Build | Barracks |
| 8:09 | Build | House |
| 8:10 | Build | Palisade Wall |
| 8:17 | Build | House |
| 8:33 | Create | Villager (Male) |
| 9:43 | Research | Feudal Age |
| 10:29 | Build | Barracks |
| 11:19 | Build | Mining Camp |
| 11:24 | Create | Villager (Male) |
| 11:53 | Age | Feudal Age |
| 11:56 | Build | Blacksmith |
| 11:58 | Create | Flemish Militia |
| 11:59 | Create | Flemish Militia |
| 13:28 | Create | Villager (Male) |
| 13:37 | Build | Watch Tower |
| 14:20 | Create | Flemish Militia |
| 14:31 | Build | Palisade Wall |
| 14:32 | Build | Palisade Wall |
| 14:40 | Build | Palisade Wall |
| 14:41 | Build | Palisade Wall |
| 14:42 | Build | Palisade Wall |
| 14:42 | Build | Palisade Wall |
| 14:57 | Build | Palisade Wall |
| 15:02 | Build | Palisade Wall |
| 15:03 | Create | Villager (Male) |
| 15:19 | Build | Farm |
| 15:21 | Build | Farm |
Match timeline
| 6:27 | Thorgal · wall_segment Palisade Wall x9 |
| 6:28 | Thorgal · wall_segment Palisade Wall x5 |
| 7:21 | Thorgal · first_building Barracks |
| 8:10 | Thorgal · wall_segment Palisade Wall x1 |
| 11:53 | Thorgal · age_up feudal |
| 12:51 | Malelf · wall_segment Palisade Wall x8 |
| 14:31 | Thorgal · wall_segment Palisade Wall x1 |
| 14:32 | Thorgal · wall_segment Palisade Wall x1 |
| 14:40 | Thorgal · wall_segment Palisade Wall x1 |
| 14:41 | Thorgal · wall_segment Palisade Wall x1 |
| 14:42 | Thorgal · wall_segment Palisade Wall x1 |
| 14:42 | Thorgal · wall_segment Palisade Wall x1 |
| 14:57 | Thorgal · wall_segment Palisade Wall x1 |
| 15:02 | Thorgal · wall_segment Palisade Wall x1 |
| 15:36 | Malelf · resign |
[ AI ANALYSIS · 1 CREDIT ]
What really happened in this match?
Wolo.gg analyzes every decision: build order, eco, micro, common mistakes by bracket. Personalized analysis on WhatsApp or Discord in 30 seconds.
Civ guide
Sicilians
Perfil
Malelf